 Dungeon Crawl Stone Soup version 0.21.1-1-g345015f (webtiles) character file.

68 inc the Vexing (level 4, 21/21 HPs)
             Began as a Felid Enchanter on Feb 26, 2018.
             Quit the game on level 3 of the Dungeon.
             The game lasted 00:05:59 (4019 turns).

inc the Vexing (Felid Enchanter)                    Turns: 4019, Time: 00:05:59

Health: 21/21      AC:  1    Str:  4    XL:     4   Next: 1%
Magic:  8/8        EV: 18    Int: 18    God:
Gold:   111        SH:  0    Dex: 16    Spells: 1/7 levels left
                                        Lives:  0   Deaths: 1

rFire    . . .     SeeInvis +     - Unarmed
rCold    . . .     Gourm    .   (shield unavailable)
rNeg     . . .     Faith    .   (armour unavailable)
rPois    .         Spirit   .   (helmet unavailable)
rElec    .         Reflect  .   (cloak unavailable)
rCorr    .         Harm     .   (gloves unavailable)
MR       +....                  (boots unavailable)
Stlth    +++.......             (no amulet)
HPRegen  0.07/turn              f - ring of protection from magic
MPRegen  0.11/turn              (no ring)

@: quick
A: very small, no armour, no weapons or thrown items, stealth, claws 1, fangs 3,
see invisible, carnivore, speed 1, shaggy fur 1, slow metabolism 1, sharp paws
a: no special abilities


You were on level 3 of the Dungeon.
You were not hungry.

You visited 1 branch of the dungeon, and saw 3 of its levels.

You collected 111 gold pieces.

Inventory:

Jewellery
 f - a ring of protection from magic (left paw)
Scrolls
 c - 6 scrolls of identify {unknown}
 d - a scroll of fog {unknown}
 h - a scroll of enchant armour {unknown}
 m - a scroll of amnesia {unknown}
 o - a scroll of enchant weapon {unknown}
Potions
 e - a potion of curing {unknown}
 g - a potion of lignification {unknown}
 i - a potion of might {unknown}
 j - a potion of haste {unknown}
 k - a potion of berserk rage {unknown}
 l - a potion of brilliance {unknown}
 n - a potion of flight {unknown}
 p - a potion of resistance {unknown}
Books
 a - a book of Maledictions

   Spells                             Type                      Level
   a - Corona                         Hexes                        1
   b - Ensorcelled Hibernation        Hexes/Ice                    2
   c - Confuse                        Hexes                        3
   d - Tukima's Dance                 Hexes                        3
   e - Dazzling Spray                 Conjuration/Hexes            3
Comestibles
 b - 5 rations


   Skills:
 + Level 3.5 Fighting
 - Level 2.6 Dodging
 - Level 4.0 Stealth
 - Level 3.1 Unarmed Combat
 - Level 2.0 Spellcasting
 - Level 4.4 Hexes


You had one spell level left.
You knew the following spells:

 Your Spells              Type           Power        Failure   Level  Hunger
a - Corona                Hex            ###....      3%          1    #......
b - Ensorcelled Hibernat  Hex/Ice        #.....       11%         2    ###....
c - Confuse               Hex            ###.....     9%          3    ###....


Dungeon Overview and Level Annotations

Branches:
Dungeon (3/15)

Altars:
Yredelemnul

Annotations:
D:3 Autsider's ghost, amateur TrAM; Natasha


Innate Abilities, Weirdness & Mutations

You cannot wear armour.
You are incapable of wielding weapons or throwing items.
Your paws allow you to move quietly. (Stealth)
You have sharp claws.
You have razor-sharp teeth.
You have supernaturally acute eyesight. (SInv)
You are carnivorous and can eat meat at any time.
You cover ground quickly.
You are covered in fur. (AC +1)
You have a slow metabolism.
Your sharp claws are effective at attacking unaware monsters.


Message History

The puff of frost hits you!
* * * LOW HITPOINT WARNING * * *
Found an escape hatch in the floor.
The goblin shouts!
Found a scroll labeled TUSOIG WUMN.
A kobold comes into view.
The kobold shouts!
The goblin shouts!
The kobold barely misses you.
A rat comes into view.
The white imp gestures at you. The puff of frost hits you!
* * * LOW HITPOINT WARNING * * *
Found a glowing scale mail.
Found a stone staircase leading down.
The worm bites you.
You die...
Your magical contamination has completely faded away.
You are now level 4!
You rejoin the land of the living...
Unknown command.
Are you sure you want to abandon this character and quit the game? (Confirm with "yes".)

#..........# ##8#
#.(........########
#.#........).......
#.####.##########..
###.# #.# #.. #...#
#.###########.
#.######.#.....(..##.
#........#........##.
#...@....#........##.
##........###.##.####.
#......##.....##....#.
#......############.#.
#...................#.
#.......#########.....
#.......# #.....
#.......# #.....
#......## #.....


There were no monsters in sight!

Vanquished Creatures
  Natasha (D:3)
  3 adders (D:2)
  2 oozes
  A worm (D:2)
  A leopard gecko (D:1)
  3 orcs
  7 giant cockroaches
  8 goblins
  11 hobgoblins
  3 jackals (D:2)
  5 kobolds
  2 quokkas (D:3)
  A ball python (D:3)
  9 bats
  3 frilled lizards
  9 rats
69 creatures vanquished.

Notes
Turn   | Place    | Note
-------+----------+-------------------------------------------
     0 | D:1      | inc the Felid Enchanter began the quest for the Orb.
     0 | D:1      | Reached XP level 1. HP: 7/7 MP: 4/4
   121 | D:1      | Reached XP level 2. HP: 9/11 MP: 4/6
   802 | D:1      | Learned a level 2 spell: Ensorcelled Hibernation
   915 | D:1      | Reached XP level 3. HP: 3/14 MP: 1/7
  1778 | D:2      | Reached skill level 1 in Fighting
  2763 | D:2      | Reached XP level 4. HP: 16/19 MP: 8/8
  3253 | D:3      | Noticed Autsider's ghost (amateur TrAM)
  3267 | D:2      | Learned a level 3 spell: Confuse
  3354 | D:3      | Noticed Natasha
  3361 | D:3      | Killed Natasha
  3535 | D:3      | Found a basalt altar of Yredelemnul.
  3911 | D:3      | Reached XP level 5. HP: 24/24 MP: 6/9
  3984 | D:3      | Noticed Natasha
  4017 | D:3      | HP: 1/24 [white imp/puff of frost[Natasha] (5)]
  4018 | D:3      | Slain by a worm
  4019 | D:3      | Reached XP level 4. HP: -5/21 MP: 3/8
  4019 | D:3      | Quit the game

Skill      XL: |  1  2  3  4 |
---------------+-------------+-----
Unarmed Combat | 2 3 |  3.1
Fighting       | 2 3 |  3.5
Dodging        | |  2.6
Stealth        | |  4.0
Spellcasting   | |  2.0
Hexes          | |  4.4

Action                   |  1- 3 |  4- 6 || total
-------------------------+-------+-------++-------
Melee: Unarmed           |   107 |    42 ||   149
       Bite              |     7 |     5 ||    12
 Cast: Corona            |    12 |     2 ||    14
       Ensorcelled Hiber |    14 |    22 ||    36
 Stab: Sleeping          |    28 |    15 ||    43
  Eat: Chunk             |     4 |    10 ||    14
Armor: Skin              |     9 |     3 ||    12
Dodge: Dodged            |    68 |    45 ||   113
